 Dungeon Crawl Stone Soup version 0.30-b1-5-g8e6c1be481 (webtiles) character file.

Game seed: 17912514496624902244

104 Exaltedone87 the Slasher (level 4, -6/34 HPs)
             Began as a Demonspawn Gladiator on May 4, 2023.
             Killed from afar by a white imp (13 damage)
             ... with a puff of frost
             ... on level 3 of the Dungeon.
             The game lasted 00:04:47 (1734 turns).

Exaltedone87 the Slasher (Demonspawn Gladiator)     Turns: 1734, Time: 00:04:48

Health: -6/34      AC:  5    Str: 15    XL:     4   Next: 52%
Magic:  4/4        EV: 13    Int:  9    God:
Gold:   103        SH:  0    Dex: 16    Spells: 3/3 levels left

rFire   . . .        a - +1 long sword
rCold   . . .        (no shield)
rNeg    . . .        b - +0 leather armour
rPois   .            c - +0 helmet
rElec   .            (no cloak)
rCorr   .            (no gloves)
SInv    .            g - +0 pair of boots
Will    .....        p - amulet of regeneration
Stlth   +            (no ring)
HPRegen 1.05/turn    (no ring)
MPRegen 0.09/turn

%: no passive effects
@: no status effects
A: powered by death 1
a: no special abilities


You were on level 3 of the Dungeon.
You visited 1 branch of the dungeon, and saw 3 of its levels.

You collected 103 gold pieces.

Inventory:

Hand Weapons
 a - a +1 long sword (weapon)
Missiles
 d - 2 throwing nets (quivered)
 e - a javelin
 q - 2 atropa-tipped darts
Armour
 b - a +0 leather armour (worn)
 c - a +0 helmet (worn)
 g - a +0 pair of boots (worn)
Jewellery
 p - an amulet of regeneration (around neck)
Potions
 i - 2 potions of degeneration {unknown}
 j - a potion of invisibility {unknown}
 k - 2 potions of flight {unknown}
 l - a potion of ambrosia


   Skills:
 + Level 2.8 Fighting
 * Level 3.9 Long Blades
 - Level 1.7 Throwing
 + Level 3.4 Dodging


You had 3 spell levels left.
You didn't know any spells.
Your spell library was empty.

Dungeon Overview and Level Annotations

Branches:
Dungeon (3/15)

Altars:


Innate Abilities, Weirdness & Mutations

You regenerate a little health from kills.


Message History

The white imp gestures at you. The puff of frost misses you.
You hit the orc zombie. Your punch misses the orc zombie.
The orc zombie is severely damaged.
The orc zombie closely misses you.
You hit the orc zombie.
You destroy the orc zombie!
The white imp closely misses you.
You slash the white imp!
The white imp is severely wounded.
The white imp hits you but does no damage.
The kobold zombie hits you but does no damage.
You closely miss the white imp.
The white imp is severely wounded.
The white imp gestures at you. The puff of frost hits you!
The kobold zombie closely misses you. The orc skeleton hits you.
You closely miss the white imp.
The white imp is severely wounded.
The white imp hits you but does no damage.
The kobold zombie misses you. The orc skeleton barely misses you.
The white imp gestures at you. The puff of frost hits you!
You barely miss the white imp.
The white imp is severely wounded.
The white imp hits you. The white imp freezes you.
The kobold zombie completely misses you.
The orc skeleton misses you.
You closely miss the white imp.
The white imp is severely wounded.
The white imp hits you but does no damage.
The orc skeleton misses you.
The kobold zombie hits you but does no damage.
The white imp attacks as you move away! The white imp hits you.
* * * LOW HITPOINT WARNING * * *
The white imp freezes you.
* * * LOW HITPOINT WARNING * * *
The white imp gestures at you. The puff of frost hits you!
You die...

... .....# # ...
....#.# ## #.#
#...#.#
#..#+.##$....#
#......#..#.#
.#.....#...#.#
...._..'.ZZ#.#
##.....##5.#.##
##.....#...@..#
.....####.....#
##.#.###......#
..............#
.........)....##
..................
.......<......####
..........#####
............#


You could see a white imp, a kobold zombie and an orc skeleton.

Vanquished Creatures
  Jessica (D:2)
  3 adders (D:2)
  A dart slug (D:2)
  3 ball pythons
  5 endoplasms
  A giant cockroach (D:1)
  2 goblins
  3 hobgoblins
  4 jackals (D:1)
  2 quokkas (D:1)
  4 bats
  4 frilled lizards
  2 goblin skeletons (D:3)
  3 goblin zombies (D:3)
  4 kobolds
  2 kobold skeletons (D:3)
  An orc skeleton (D:3)
  2 orc zombies (D:3)
  6 rats
53 creatures vanquished.

Notes
Turn   | Place    | Note
-------+----------+-------------------------------------------
     0 | D:1      | Exaltedone87 the Demonspawn Gladiator began the quest for
                  | the Orb.
     0 | D:1      | Reached XP level 1. HP: 16/16 MP: 1/1
   369 | D:1      | Gained mutation: You regenerate a little health from kills.
                  | [demonic ancestry]
   369 | D:1      | Reached XP level 2. HP: 21/22 MP: 2/2
  1020 | D:2      | Reached XP level 3. HP: 25/28 MP: 3/3
  1276 | D:2      | Noticed Jessica
  1301 | D:2      | Killed Jessica
  1302 | D:2      | Reached XP level 4. HP: 5/34 MP: 4/4
  1734 | D:3      | Killed from afar by a white imp

Illustrated notes

Levels and vault maps discovered:
D:1:      dpeg_arrival_lava_temple_mockup, layout_basic, minmay_quantized
D:2:      layout_rooms, nicolae_concentric_dashed_squares_mild,
          grunt_decor_fettered, uniq_jessica
D:3:      layout_rooms, nicolae_tso_besieged_by_evil,
          ashenzari_conservatory_becter, grunt_decor_one_mirror,
          minmay_strange_pillars, chequers_jeans, uniq_sigmund, uniq_natasha

Skill      XL: |  1  2 |
---------------+-------+-----
Long Blades    | 3 |  3.9
Dodging        | 3 |  3.4
Fighting       | |  2.8
Throwing       | |  1.7

Action                     |  1- 3 |  4- 6 || total
---------------------------+-------+-------++-------
  Melee: Long sword        |   112 |    55 ||   167
  Throw: Throwing net      |     1 |       ||     1
    Use: Scroll            |     1 |     3 ||     4
         Potion            |       |     2 ||     2
 Armour: Leather armour    |    51 |    22 ||    73
  Dodge: Dodged            |   111 |    64 ||   175
